Description

A correction in Lambo's ZvZ autobahn build

Build Order

Get SALT Encoding   

  13  0:12  Overlord  
  16  0:47  Hatchery  
  18  1:08  Extractor  
  17  1:12  Spawning Pool  
  21  1:59  Queen  x2
  26  2:00  Overlord  
  30  2:26  Extractor  
  29  2:36  Lair  Queen
  33  2:42  Evolution Chamber  
  34  2:53  Roach Warren  
  35  3:04  Overlord  
  36  3:12  Zerg Missile Weapons Level 1  
  36  3:15  Overlord  
  36  3:22  Queen  
  38  3:28  Overlord  
  40  3:34  Roach  x3
  40  3:35  Glial Reconstitution  
  46  3:41  Roach  x3
  50  3:49  Roach  
  52  3:57  Roach  x2
  56  4:04  Roach  
  70  5:44  Hatchery  
Spawning Tool Build Advisor. Get it on Overwolf

Go to:

Details

  • Created by: dmkgiph
  • Published on: Feb 27, 2023
  • Modified on: Feb 27, 2023
  • Patch: 5.0.11
  • Difficulty: Easy
Show
View Real Time Build Order
Export as new Build Order

Comments (0)

There are no comments. Be the first!

Create an account to comment!